 Dungeon Crawl Stone Soup version 0.25-a0-503-ge281fa673e (webtiles) character file.

Game seed: 5394761837552610349, levelgen mode: deterministic

4 drasked the Magician (level 1, 0/13 HPs)
             Began as a Mummy Wizard on Feb 13, 2020.
             Slain by a jackal (2 damage)
             ... on level 1 of the Dungeon.
             The game lasted 00:01:10 (175 turns).

drasked the Magician (Mummy Wizard)                  Turns: 175, Time: 00:01:11

Health: 0/13       AC:  2    Str: 10    XL:     1   Next: 50%
Magic:  0/5        EV: 12    Int: 17    God:
Gold:   0          SH:  0    Dex: 10    Spells: 7/8 levels left

rFire    x . .     SeeInvis .   (no weapon)
rCold    + . .     Gourm    .   (no shield)
rNeg     + + +     Faith    .   a - +0 robe
rPois    ∞         Spirit   .   b - +0 hat
rElec    .         Reflect  .   (no cloak)
rCorr    .         Harm     .   (no gloves)
MR       .....                  (no boots)
Stlth    ++........             (no amulet)
HPRegen  0.04/turn              (no ring)
MPRegen  0.09/turn              (no ring)

@: very slightly contaminated
A: no food or potions, fire vulnerability, cold resistance 1, negative energy
resistance 3, torment resistance, unbreathing
a: no special abilities


You were on level 1 of the Dungeon.
You were not hungry.

You visited 1 branch of the dungeon, and saw 1 of its levels.

Inventory:

Hand Weapons
 c - a +0 spear
   (You found it on level 1 of the Dungeon)
Armour
 a - a +0 robe (worn)
 b - a +0 hat (worn)


   Skills:
 - Level 1.5 Dodging
 - Level 1.5 Stealth
 - Level 4.0 Spellcasting
 + Level 1.2 Conjurations
   Level 0.7 Summonings
   Level 0.7 Translocations


You had 7 spell levels left.
You knew the following spells:

 Your Spells              Type           Power        Failure   Level  Hunger
a - Magic Dart            Conj           #...         10%         1    N/A

Your spell library contained the following spells:

 Spells                   Type           Power        Failure   Level  Hunger
 Blink                    Tloc           N/A          19%         2    N/A
 Call Imp                 Summ           #.......     19%         2    N/A
 Slow                     Hex            #.......     24%         2    N/A
 Conjure Flame            Conj/Fire      #.......     36%         3    N/A
 Mephitic Cloud           Conj/Pois/Air  #.......     36%         3    N/A

Dungeon Overview and Level Annotations

Branches:
Dungeon (1/15)

Altars:


Innate Abilities, Weirdness & Mutations

You do not eat or drink.
Your flesh is vulnerable to fire.
You are immune to poison.
Your flesh is cold resistant. (rC+)
You are immune to negative energy. (rN+++)
You are immune to unholy pain and torment.
You can survive without breathing.


Message History

The jackal barks!
The goblin shouts!
The jackal moves out of view.
Aim: a jackal The magic dart hits the jackal.
The frilled lizard hisses angrily.
* * * LOW MAGIC WARNING * * *
The jackal bites you but does no damage.
Aim: a jackal (severely wounded)
The magic dart hits the jackal.
You kill the jackal!
* * * LOW MAGIC WARNING * * *
Aim: a goblin, wielding a +0 club The magic dart hits the goblin.
* * * LOW MAGIC WARNING * * *
The goblin hits you with a +0 club.
You don't have enough magic to cast that spell.
Your magical contamination has completely faded away.
You see here 20 bolts.
Aim: a goblin, wielding a +0 club (heavily wounded)
The magic dart hits the goblin.
* * * LOW MAGIC WARNING * * *
2 jackals come into view.
The jackal moves out of view.
Aim: a goblin, wielding a +0 club (heavily wounded)
The magic dart hits the goblin.
* * * LOW MAGIC WARNING * * *
The goblin completely misses you. The goblin hits you with a +0 club.
* * * LOW HITPOINT WARNING * * *
The frilled lizard closely misses you. The frilled lizard misses you.
The frilled lizard misses you.
You see here 15 stones.
You see here a purple potion.
Aim: a goblin, wielding a +0 club (severely wounded)
The magic dart hits the goblin.
You kill the goblin!
* * * LOW MAGIC WARNING * * *
Aim: a jackal The magic dart hits the jackal.
* * * LOW MAGIC WARNING * * *
The jackal closely misses you.
The jackal bites you but does no damage.
You see here 15 stones.
The jackal barely misses you.
Aim: a jackal The magic dart hits the jackal.
* * * LOW MAGIC WARNING * * *
The jackal barely misses you.
The jackal bites you but does no damage.
The jackal barely misses you. The jackal barely misses you.
You see here a purple potion.
The jackal closely misses you. The jackal bites you.
Aim: a jackal (heavily wounded)
The magic dart hits the jackal but does no damage.
* * * LOW MAGIC WARNING * * *
The jackal closely misses you. The jackal bites you.
* * * LOW HITPOINT WARNING * * *
The jackal misses you.
You see here a +0 club.
The jackal bites you but does no damage.
The jackal closely misses you.
You see here 15 stones.
The jackal barely misses you.
Aim: a jackal (heavily wounded)
The magic dart hits the jackal but does no damage.
* * * LOW MAGIC WARNING * * *
The jackal bites you but does no damage.
The jackal bites you but does no damage.
The jackal completely misses you.
You see here a purple potion.
The jackal completely misses you.
Aim: a jackal (heavily wounded)
The magic dart hits the jackal.
* * * LOW MAGIC WARNING * * *
The jackal barely misses you. x2
The jackal barely misses you. The jackal bites you.
* * * LOW HITPOINT WARNING * * *
You see here a +0 club.
The jackal misses you. The jackal bites you.
* * * LOW HITPOINT WARNING * * *
The jackal barely misses you.
You see here 15 stones.
The jackal bites you.
* * * LOW HITPOINT WARNING * * *
Aim: a jackal (severely wounded)
You miscast Magic Dart.
You are very lightly contaminated with residual magic.
Wisps of smoke drift from your hands.
* * * LOW MAGIC WARNING * * *
The jackal bites you but does no damage.
The jackal bites you.
* * * LOW HITPOINT WARNING * * *
The jackal bites you.
You die...

.## #. ..# ##.### [...
.....# ###..# .
#.##..###... ..
..##...#.#####.. ..h
#.####.......... ..h.
###.##..lh.# .....
#....(.###@#
......#.#.#### #.# . ..#
#........###!# . ..#
#.###.##.....#### ..
..#### #)####...(..#####
#!# #....#
#...##.####.....######†.#
#.##.#
####.l#.########........#
#.#..###.........#
########.#
#.....##.........# ##


You could see a jackal and a frilled lizard.

Levels and vault maps discovered:
D:1:      dpeg_arrival_more_subterranean_lakeside_camping, layout_rooms

Notes
Turn   | Place    | Note
-------+----------+-------------------------------------------
     0 | D:1      | drasked the Mummy Wizard began the quest for the Orb.
     0 | D:1      | Reached XP level 1. HP: 13/13 MP: 5/5
    62 | D:1      | Reached skill level 1 in Conjurations
    65 | D:1      | Identified a +0 club
   167 | D:1      | HP: 3/13 [jackal (3)]
   173 | D:1      | HP: 1/13 [jackal (1)]
   175 | D:1      | Slain by a jackal

Table legend:
 A = Turns spent in this place as a percentage of turns spent in the entire game.
 B = Non-inter-level travel turns spent in this place as a percentage of non-inter-level travel turns spent in the entire game.
 C = Inter-level travel turns spent in this place as a percentage of turns spent in this place.
 D = Turns resting spent in this place as a percentage of non-inter-level travel turns spent in this place.
 E = Turns spent auto-exploring this place as a percentage of non-inter-level travel turns spent in this place.
 F = Non-inter-level travel turns spent in this place divided by the number of levels of this place that you've seen.
                   A       B       C       D       E      F
               +-------+-------+-------+-------+-------+----------------------
         Total | 100.0 | 100.0 |   0.0 |   0.0 |  31.4 | 175.0
       Dungeon | 100.0 | 100.0 |   0.0 |   0.0 |  31.4 | 175.0
               +-------+-------+-------+-------+-------+----------------------

Table legend:
 A = Kills in this place as a percentage of kills in entire the game.
 B = Kills by you in this place as a percentage of kills by you in the entire game.
 C = Kills by friends in this place as a percentage of kills by friends in the entire game.
 D = Other kills in this place as a percentage of other kills in the entire game.
 E = Experience gained in this place as a percentage of experience gained in the entire game.
 F = Experience gained in this place divided by the number of levels of this place that you have seen.
                   A       B       C       D       E      F
               +-------+-------+-------+-------+-------+----------------------
         Total | 100.0 | 100.0 |   N/A |   N/A | 100.0 |   6.0
       Dungeon | 100.0 | 100.0 |   N/A |   N/A | 100.0 |   6.0
               +-------+-------+-------+-------+-------+----------------------

Skill      XL: |  1 |
---------------+----+-----
Conjurations   | 1 |  1.2
Dodging        | |  1.5
Stealth        | |  1.5
Spellcasting   | |  4.0
Summonings     | |  0.7
Translocations | |  0.7

Action                   || total
-------------------------++-------
 Cast: Magic Dart        ||    13
Armor: Robe              ||     7
Dodge: Dodged            ||    21

Vanquished Creatures
  A goblin (D:1)
  2 jackals (D:1)
3 creatures vanquished.
